 Dungeon Crawl Stone Soup version 0.31.0-1-g2c135a008e (webtiles) character file.

Game seed: 16512761690084326672

7633 Kenran the Grappler (level 11, -26/72 HPs)
             Began as a Gargoyle Fighter on Jan 20, 2024.
             Was a Believer of the Shining One.
             Annihilated by a very large slime creature (49 damage)
             ... on level 9 of the Dungeon.
             The game lasted 00:21:03 (8911 turns).

Kenran the Grappler (Gargoyle Fighter)              Turns: 8911, Time: 00:21:03

Health: -26/72     AC: 23    Str: 25    XL:     11   Next: 18%
Magic:  11/11      EV:  8    Int:  8    God:    the Shining One [**....]
Gold:   473        SH:  4    Dex:  9    Spells: 10/10 levels left

rFire   + .          .
                       - Unarmed
rCold   + . .        b - +0 buckler
rNeg    + + .        r - +0 chain mail
rPois   ∞            a - +0 helmet
rElec   +            B - scarf {rC+ rF+}
rCorr   .            e - +0 pair of gloves
SInv    .            j - +0 pair of boots
Will    .....        (no amulet) Stlth
                     (no ring)
HPRegen 0.32/turn    (no ring)
MPRegen 0.12/turn

%: no passive effects
@: about to teleport, glowing
A: sickness immunity, AC +8, negative energy resistance 1, electricity
resistance, torment resistance 1, petrification resistance
a: Renounce Religion, Divine Shield


You were on level 9 of the Dungeon.
You worshipped the Shining One.
The Shining One was pleased with you.
You visited 2 branches of the dungeon, and saw 11 of its levels.
You also visited: Ossuary and Bailey.

You collected 512 gold pieces.
You spent 39 gold pieces at shops.

Inventory:

Missiles
 v - 2 curare-tipped darts (quivered)
Armour
 a - a +0 helmet (worn)
 b - a +0 buckler (worn)
 e - a +0 pair of gloves (worn)
 j - a +0 pair of boots (worn)
 r - a +0 chain mail (worn)
 B - a scarf of resistance (worn)
Wands
 q - a wand of flame (11)
 w - a wand of iceblast (18)
 y - a wand of digging (1)
 C - a wand of acid (7)
Scrolls
 d - a scroll of fear
 f - 2 scrolls of immolation {!r}
 g - 2 scrolls of teleportation
 k - a scroll of silence
 m - a scroll of enchant weapon {unknown}
 o - 4 scrolls of poison
 p - 4 scrolls of revelation
 s - 2 scrolls of enchant armour
 t - a scroll of vulnerability {unknown}
 u - a scroll of noise {unknown}
Potions
 c - 3 potions of brilliance
 h - 2 potions of cancellation {unknown}
 i - 2 potions of lignification {!q}
 l - 3 potions of attraction {!q}
 n - 2 potions of enlightenment
 x - 5 potions of invisibility {unknown}
 z - 7 potions of heal wounds {unknown}
 A - 2 potions of degeneration {unknown}
 D - 2 potions of magic {unknown}
 E - 5 potions of haste {unknown}
 F - a potion of mutation {unknown}
 G - a potion of curing {@q1}


   Skills:
 - Level 10.0 Fighting
 + Level 9.4 Armour
 - Level 3.2 Shields
 - Level 12.0 Unarmed Combat
 - Level 3.0 Evocations


You had 10 spell levels left.
You didn't know any spells.
Your spell library contained the following spells:

 Spells                   Type           Power      Damage    Failure   Level
 Blink                    Tloc           0%         N/A       97%         2
 Lesser Beckoning         Tloc           0%         N/A       97%         2
 Momentum Strike          Conj/Tloc      0%         3d8       97%         2
 Gell's Gravitas          Tloc           0%         N/A       100%        3
 Inner Flame              Hex/Fire       0%         N/A       100%        3
 Teleport Other           Tloc           0%         N/A       100%        3
 Flame Wave               Conj/Fire      0%         2d4       100%        4
 Sticky Flame             Fire/Alch      0%         2d4       100%        4
 Irradiate                Conj/Alch      0%         3d11      100%        5
 Ignition                 Fire           0%         3d3       100%        8


Dungeon Overview and Level Annotations

Branches:
Dungeon (10/15)            Temple (1/1) D:4            Lair (0/5) D:8
    Orc (0/2) D:10        Ossuary (visited)          Bailey (visited)

Altars:
Ashenzari
Cheibriados
Dithmenos
Elyvilon
Fedhas
Gozag
Hepliaklqana
Kikubaaqudgha
Makhleb
Nemelex Xobeh
Okawaru
Qazlal
Ru
Trog
Uskayaw
Vehumet
Wu Jian
Xom
Yredelemnul
Zin
The Shining One

Shops:
D:1 (   D:3 !   D:8 :

Annotations:
D:2 1 runed translucent door, Crazy Yiuf
D:3 exclusion: downstairs
D:5 1 runed translucent door, billyroblox's ghost, amateur GrFi
D:8 exclusions: ice statue and 1 more exclusion


Innate Abilities, Weirdness & Mutations

You are immune to sickness and miasma.
Your stone body is resilient. (AC +8)
You are immune to poison.
You resist negative energy. (rN+)
You are resistant to electric shocks. (rElec)
You are resistant to unholy torment.
You are immune to petrification.


Message History

Things that are here:
a +0 spear; a gnoll corpse The yak attacks as it pursues you!
The yak gores you but does no damage. The slime creature barely misses you.
You see here a +0 whip.
The gnoll hits you from afar with a +0 spear.
You block the gnoll's attack.
There is a stone staircase leading up here.
You punch the slime creature!
The slime creature is lightly wounded.
The slime creature closely misses you.
You punch the slime creature!
The slime creature is moderately wounded.
You block the slime creature's attack.
You punch the slime creature!
The slime creature is heavily wounded.
You punch the slime creature!
The slime creature is severely wounded.
Two slime creatures merge to form a very large slime creature.
The gnoll hits you but does no damage.
You punch the very large slime creature!
The very large slime creature is moderately wounded.
The very large slime creature hits you!!!
Ouch! That really hurt!
* * * LOW HITPOINT WARNING * * *
A very large slime creature splits.
Two slime creatures merge to form a very large slime creature.
You climb upwards.
There is a stone staircase leading down here.
As you read the scroll of teleportation, it crumbles to dust.
You feel strangely unstable.
The slime creature hits you but does no damage.
The very large slime creature attacks as it pursues you!
The very large slime creature closely misses you.
The slime creature attacks as it pursues you!
The slime creature hits you but does no damage.
The very large slime creature attacks as it pursues you!
The very large slime creature hits you!!!
Ouch! That really hurt!
You die...

#.........# #.........#
#.........# #.........# ####
#.........# ### ...#
#######..#..##### #.# ...#
#..........## ###.. ...#
#.........#############.... ...##
#........J@..............##
....###.......J.###########.##.##
.............>..# #...##.#
...####.....##### ######## )..#
#....### #######.#....#
#......#.##.# ###
#########.##.### #○# ...#
#.##.<.# #.#


You could see a very large slime creature and a slime creature.

Vanquished Creatures
  An orc knight (Bailey)
  A cyclops (D:8)
  A troll (D:8)
  Grinder (D:3)
  A wyvern (D:8)
  9 yaks
  Menkaure (D:7)
  A steam dragon (D:10)
  A water moccasin (D:6)
  Duvessa (D:6)
  3 orc warriors
  3 ice beasts
  A sky beast (D:8)
  An ogre (D:9)
  6 centaurs
  A phantom (D:7)
  6 wolves (D:8)
  2 kobold brigands
  2 elf zombies (Ossuary)
  2 scorpions (D:5)
  3 bullfrogs (D:8)
  3 gnoll sergeants
  4 wights (D:8)
  Dowan (D:6)
  4 howler monkeys
  An electric eel (D:8)
  2 centaur zombies (Ossuary)
  2 jellies (D:6)
  2 bombardier beetles
  2 human zombies (Ossuary)
  4 orc priests
  3 hounds
  An iguana (D:5)
  Ijyb (D:3)
  Terence (D:2)
  11 orc wizards
  2 hound zombies (Ossuary)
  2 mummies (Ossuary)
  Robin (D:3)
  16 gnolls
  5 adders
  A white imp (D:8)
  An ufetubus (D:5)
  3 adder zombies (Ossuary)
  2 ribbon worms
  4 dart slugs
  62 orcs
  5 bats
  5 endoplasms
  2 giant cockroaches
  19 goblins
  2 hobgoblins (D:4)
  3 jackals (D:2)
  8 kobolds
  2 quokkas
  2 ball pythons (D:3)
  4 frilled lizards
  3 gnoll zombies (Ossuary)
  4 jackal zombies (Ossuary)
  7 kobold zombies (Ossuary)
  6 orc zombies (Ossuary)
261 creatures vanquished.

Vanquished Creatures (collateral kills)
  4 elf zombies (Ossuary)
  A bombardier beetle (D:5)
  An ufetubus (D:5)
  2 orcs (D:5)
  A gnoll zombie (Ossuary)
9 creatures vanquished.

Vanquished Creatures (others)
  A human (D:3)
1 creature vanquished.

Grand Total: 271 creatures vanquished

Notes
Turn   | Place    | Note
-------+----------+-------------------------------------------
     0 | D:1      | Kenran the Gargoyle Fighter began the quest for the Orb.
     0 | D:1      | Reached XP level 1. HP: 14/14 MP: 1/1
    20 | D:1      | Found Betsed's Antique Weapon Shoppe.
   157 | D:1      | Reached XP level 2. HP: 19/19 MP: 2/2
   214 | D:1      | Reached skill level 3 in Unarmed Combat
   531 | D:2      | Noticed Terence
   598 | D:2      | Reached XP level 3. HP: 19/23 MP: 3/3
   679 | D:2      | Found a runed translucent door.
   680 | D:2      | Noticed Crazy Yiuf
   840 | D:2      | Killed Terence
   841 | D:2      | Reached skill level 4 in Unarmed Combat
   841 | D:2      | Reached XP level 4. HP: 28/28 MP: 4/4
  1250 | D:3      | Reached skill level 5 in Unarmed Combat
  1250 | D:3      | Reached XP level 5. HP: 31/32 MP: 5/5
  1304 | D:3      | Noticed Ijyb
  1347 | D:3      | Killed Ijyb
  1457 | D:3      | Noticed Robin
  1477 | D:3      | Killed Robin
  1673 | D:3      | Found Zihot's Distillery.
  1681 | D:3      | Bought a potion of curing for 39 gold pieces
  1896 | D:3      | Noticed Grinder
  1908 | D:3      | Killed Grinder
  1909 | D:3      | Reached skill level 6 in Unarmed Combat
  1909 | D:3      | Reached XP level 6. HP: 21/37 MP: 6/6
  1982 | D:3      | Found an ancient bone altar of Kikubaaqudgha.
  1982 | D:3      | Noticed a human
  1985 | D:3      | Killed a human
  2075 | D:3      | Found a shadowy altar of Dithmenos.
  2080 | D:3      | Found a basalt altar of Yredelemnul.
  2494 | D:4      | Found a sand-covered staircase.
  2539 | D:4      | Reached skill level 7 in Unarmed Combat
  2539 | D:4      | Reached XP level 7. HP: 37/41 MP: 7/7
  2553 | Ossuary  | Entered an ossuary
  2834 | Ossuary  | Reached skill level 8 in Unarmed Combat
  2842 | Ossuary  | Reached XP level 8. HP: 29/48 MP: 8/8
  2852 | Ossuary  | Reached skill level 5 in Fighting
  3280 | D:4      | Found a glowing silver altar of Zin.
  3589 | D:4      | Found a staircase to the Ecumenical Temple.
  3597 | Temple   | Entered the Ecumenical Temple
  3776 | D:5      | Entered Level 5 of the Dungeon
  3806 | D:5      | Reached skill level 9 in Unarmed Combat
  4138 | D:5      | Reached skill level 10 in Unarmed Combat
  4389 | D:5      | Reached XP level 9. HP: 54/55 MP: 9/9
  4463 | D:5      | Found a runed translucent door.
  4482 | D:5      | Reached skill level 5 in Armour
  4543 | D:5      | Noticed billyroblox's ghost (amateur GrFi)
  5366 | D:6      | Noticed Duvessa
  5366 | D:6      | Noticed Dowan
  5387 | D:6      | Killed Duvessa
  5395 | D:6      | Killed Dowan
  5520 | D:7      | Found an ornate altar of the Wu Jian Council.
  5819 | D:7      | Found a glowing golden altar of the Shining One.
  5854 | D:7      | Reached skill level 1 in Evocations
  5867 | D:7      | Became a worshipper of the Shining One
  6143 | D:7      | Noticed Menkaure
  6148 | D:7      | Killed Menkaure
  6547 | D:8      | Noticed an ice statue
  6659 | D:8      | Noticed a cyclops
  6688 | D:8      | Killed a cyclops
  6689 | D:8      | Reached skill level 11 in Unarmed Combat
  6689 | D:8      | Reached XP level 10. HP: 53/64 MP: 10/10
  6818 | D:8      | Reached skill level 12 in Unarmed Combat
  6919 | D:8      | Reached * piety under the Shining One
  7010 | D:8      | Found a staircase to the Lair.
  7039 | D:8      | Found Fottoxuj's Book Shoppe.
  7355 | D:9      | Identified the +4 quarterstaff "Zura" {flame, Str-5 Dex+4}
  7537 | D:9      | Found a radiant altar of Vehumet.
  7969 | D:10     | Entered Level 10 of the Dungeon
  8384 | D:10     | Reached XP level 11. HP: 36/72 MP: 11/11
  8398 | D:10     | Reached skill level 10 in Fighting
  8449 | D:10     | Found a flagged portal.
  8510 | Bailey   | Entered a bailey
  8577 | Bailey   | Reached ** piety under the Shining One
  8638 | Bailey   | Noticed an orc knight
  8656 | Bailey   | Killed an orc knight
  8911 | D:9      | Annihilated by a very large slime creature

Illustrated notes

Levels and vault maps discovered:
D:1:      minmay_arrival_arboretum_large, layout_rooms, serial_shops,
          nicolae_shop_window_shopping
D:2:      layout_loops_ring, uniq_terence, uniq_crazy_yiuf_cottage
D:3:      layout_basic, tgw_kikubaaqudgha, minitemple, serial_shops, shop,
          hex_tiny, minmay_misc_feat_iff, kennysheep_another_room,
          minmay_misc_feat_columns, uniq_robin, uniq_ijyb, uniq_grinder
D:4:      layout_loops_ring, nicolae_overflow_hidden_temple, temple_green,
          nicolae_ossuary_entry_false_entrances
D:5:      layout_basic, gammafunk_ghost_grave, serial_bayou_ford_a
D:6:      layout_basic, uniq_duvessa
D:7:      layout_gridville, tso_altar, mainiacjoe_overflow_cross_hatched,
          uniq_menkaure
D:8:      lemuel_ice_statue, layout_cave_pools, tgw_sif, erik_lair_island,
          kennysheep_windowed_goal
D:9:      layout_rooms, mainiacjoe_overflow_boulevard, special_room
          [special_room_orc], lemuel_flamethrower_1
D:10:     layout_rooms, orc_0_dummy, enter_bailey_3
Temple:   eino_narrow_crystal_temple

Skill      XL: |  1  2  3  4  5  6  7  8  9 10 11 |
---------------+----------------------------------+-----
Unarmed Combat | 3 4 5 6 7 8 10 11 12 | 12.0
Armour         | 4 6 8 9 |  9.4
Fighting       | 4 5 8 9 10 | 10.0
Evocations     | 3 |  3.0
Shields        | |  3.2

Action                     |  1- 3 |  4- 6 |  7- 9 | 10-12 || total
---------------------------+-------+-------+-------+-------++-------
  Melee: Unarmed           |    97 |   178 |   425 |   274 ||   974
  Evoke: Wand              |       |       |       |    11 ||    11
    Use: Potion            |     1 |     1 |     1 |     4 ||     7
         Scroll            |       |     4 |     8 |     2 ||    14
 Armour: Scale mail        |    65 |    37 |       |       ||   102
         Chain mail        |       |    77 |   327 |   221 ||   625
         Skin              |       |       |       |     7 ||     7
  Dodge: Dodged            |    47 |    52 |   149 |    98 ||   346
  Block: Buckler           |    16 |    19 |    79 |    54 ||   168
